 Dungeon Crawl Stone Soup version 0.26-a0-1161-g0398aca569 (webtiles) character file.

Game seed: 2290709730494988210

16 Morbidden the Firebug (level 2, 20/20 HPs)
             Began as a Demonspawn Fire Elementalist on Dec 28, 2020.
             Quit the game on level 1 of the Dungeon.
             The game lasted 00:00:29 (1009 turns).

Morbidden the Firebug (DsFE)                        Turns: 1009, Time: 00:00:29

Health: 20/20      AC:  2    Str:  8    XL:     2   Next: 41%
Magic:  5/5        EV: 12    Int: 16    God:
Gold:   44         SH:  0    Dex: 13    Spells: 4/5 levels left

rFire    + . .     SeeInvis .   (no weapon)
rCold    . . .     Faith    .   (no shield)
rNeg     . . .     Spirit   .   a - +0 robe
rPois    .         Reflect  .   (no helmet)
rElec    .         Harm     .   (no cloak)
rCorr    .         Rampage  .   (no gloves)
Will     .....                  (no boots)
Stlth    ++........             (no amulet)
HPRegen  0.06/turn              (no ring)
MPRegen  0.09/turn              (no ring)

@: no status effects
A: fire resistance 1
a: no special abilities


You were on level 1 of the Dungeon.
You visited 1 branch of the dungeon, and saw 1 of its levels.

You collected 44 gold pieces.

Inventory:

Missiles
 d - a throwing net
Armour
 a - a +0 robe (worn)
Scrolls
 b - 2 scrolls of immolation {unknown}
 c - a scroll of random uselessness {unknown}
 f - a scroll of enchant armour {unknown}
 g - a scroll of teleportation {unknown}
Potions
 e - a potion of magic {unknown}


   Skills:
 * Level 0.4 Fighting
 * Level 1.8 Dodging
 + Level 1.9 Stealth
 + Level 2.2 Spellcasting
 + Level 1.2 Conjurations
 + Level 3.0 Fire Magic


You had 4 spell levels left.
You knew the following spells:

 Your Spells              Type           Power        Failure   Level
a - Foxfire               Conj/Fire      32%          9%          1

Your spell library contained the following spells:

 Spells                   Type           Power        Failure   Level
 Conjure Flame            Conj/Fire      8%           26%         3
 Inner Flame              Hex/Fire       6%           32%         3
 Sticky Flame             Conj/Fire      8%           63%         4
 Fireball                 Conj/Fire      4%           93%         5


Dungeon Overview and Level Annotations

Branches:
Dungeon (1/15)

Altars:


Innate Abilities, Weirdness & Mutations

Your flesh is heat resistant. (rF+)


Message History

The foxfire hits the rat.
The rat is moderately wounded.
Unknown command.
A rat is nearby!
Casting: Foxfire (safe; 9% risk of failure)
Confirm with . or Enter, or press ? or * to list all spells.
You conjure some foxfire!
The foxfire hits the rat.
The rat is severely wounded.
The foxfire hits the rat.
You kill the rat!
Your foxfire dissipates!
g - a scroll labelled XEOSIF NOZOIN
Casting: Foxfire (safe; 9% risk of failure)
Confirm with . or Enter, or press ? or * to list all spells.
You conjure some foxfire!
Your foxfire dissipates!
Your foxfire dissipates!
A kobold comes into view. It is wielding a +0 whip.
Unknown command.
Are you sure you want to abandon this character and quit the game? (Confirm with "yes".)

##(# #.# #####.....
#.###.# #.........
#..##.# #.........
##.##.# #.........
#..#.# #........# ##.#.#
#........# . #(..#
######....
....####..######## #.###
.......@......÷..###'#..
K...####..######.#...†..
. ##.# #.#...... #.#
#.#...... #># #.#......
#.# #........ #.#
######### #.. ###


You could see a kobold (asleep).

Vanquished Creatures
  An ooze (D:1)
  A ball python (D:1)
  A hobgoblin (D:1)
  3 kobolds (D:1)
  3 bats (D:1)
  2 frilled lizards (D:1)
  3 rats (D:1)
14 creatures vanquished.

Vanquished Creatures (others)
  83 foxfires (D:1)
83 creatures vanquished.

Grand Total: 97 creatures vanquished

Notes
Turn   | Place    | Note
-------+----------+-------------------------------------------
     0 | D:1      | Morbidden the Demonspawn Fire Elementalist began the quest
                  | for the Orb.
     0 | D:1      | Reached XP level 1. HP: 13/13 MP: 3/3
   649 | D:1      | Gained mutation: Your flesh is heat resistant. (rF+)
                  | [demonic ancestry]
   649 | D:1      | Reached XP level 2. HP: 19/19 MP: 3/5
   688 | D:1      | Reached skill level 3 in Fire Magic
  1009 | D:1      | Quit the game

Illustrated notes

Levels and vault maps discovered:
D:1:      sevenhm_arrival_forest_fort_small_3, layout_basic

Skill      XL: |  1  2 |
---------------+-------+-----
Fire Magic     | 3 |  3.0
Fighting       | |  0.4
Dodging        | |  1.8
Stealth        | |  1.9
Spellcasting   | |  2.2
Conjurations   | |  1.2

Action                   || total
-------------------------++-------
Melee: Unarmed           ||     1
 Cast: Foxfire           ||    50
Armor: Robe              ||     1
Dodge: Dodged            ||     6

Table legend: (Time is in decaauts)
 A = Elapsed time spent in this place.
 B = Non-inter-level travel time spent in this place.
 C = Inter-level travel time spent in this place.
 D = Time resting spent in this place.
 E = Time spent auto-exploring this place.
 F = Levels seen in this place.
 G = Mean time per level.
                   A        B        C        D        E       F      G
               +--------+--------+--------+--------+--------+-----+--------+
         Total |   1009 |   1009 |      0 |      0 |    878 |   1 | 1009.0 |
       Dungeon |   1009 |   1009 |      0 |      0 |    878 |   1 | 1009.0 |
               +--------+--------+--------+--------+--------+-----+--------+

Top non-repeatable levels by time:
     D:1: 1009 daAuts
